 Dungeon Crawl Stone Soup version 0.29.1-12-g30fa7ad0bf (webtiles) character file.

Game seed: 2991498924173317016

1 Descartes the Magician (level 1, 0/10 HPs)
             Began as a Deep Elf Wanderer on Dec 13, 2022.
             Frozen to death by an endoplasm (4 damage)
             ... on level 1 of the Dungeon.
             The game lasted 00:00:52 (264 turns).

Descartes the Magician (Deep Elf Wanderer)           Turns: 264, Time: 00:00:53

Health: 0/10       AC:  2    Str:  6    XL:     1   Next: 16%
Magic:  4/7        EV: 11    Int: 18    God:
Gold:   11         SH:  0    Dex: 15    Spells: 7/8 levels left

rFire   . . .      SeeInvis .   a - +0 dagger
rCold   . . .      Faith    .   (no shield)
rNeg    . . .      Spirit   .   d - +0 robe
rPois   .          Reflect  .   (no helmet)
rElec   .          Harm     .   (no cloak)
rCorr   .          Rampage  .   (no gloves)
Will    .....                   (no boots)
Stlth   +.........              (no amulet)
HPRegen 0.03/turn               (no ring)
MPRegen 0.10/turn               (no ring)

@: very slightly contaminated
A: no striking features
a: no special abilities


You were on level 1 of the Dungeon.
You visited 1 branch of the dungeon, and saw 1 of its levels.

You collected 11 gold pieces.

Inventory:

Hand Weapons
 a - a +0 dagger (weapon)
Missiles
 b - 12 poisoned darts (quivered)
Armour
 d - a +0 robe (worn)
Scrolls
 c - a scroll of silence
 e - 3 scrolls of identify {unknown}


   Skills:
 - Level 2.0 Throwing
 + Level 0.1 Dodging
 + Level 0.1 Stealth
 + Level 4.4 Spellcasting
 + Level 2.2 Conjurations
 + Level 2.7 Hexes
 + Level 0.0 Fire Magic
 - Level 1.0 Invocations


You had 7 spell levels left.
You knew the following spells:

 Your Spells              Type           Power      Damage    Failure   Level
a - Foxfire               Conj/Fire      32%        2x1d5     9%          1

Your spell library contained the following spells:

 Spells                   Type           Power      Damage    Failure   Level
 Slow                     Hex            52%        N/A       4%          1
 Inner Flame              Hex/Fire       9%         N/A       24%         3
 Conjure Flame            Conj/Fire      8%         6-21      26%         3
 Fulminant Prism          Conj/Hex       6%         3d7       45%         4


Dungeon Overview and Level Annotations

Branches:
Dungeon (1/15)

Altars:


Message History

Casting: Foxfire (safe; 9% risk of failure)
Confirm with . or Enter, or press ? or * to list all spells.
You conjure some foxfire!
The quokka closely misses you.
Casting: Foxfire (safe; 9% risk of failure)
Confirm with . or Enter, or press ? or * to list all spells.
You miscast Foxfire.
Nothing appears to happen.
The foxfire hits the quokka.
You kill the quokka!
Your foxfire dissipates!
Your magical contamination has completely faded away.
Magic restored.
HP restored.
An endoplasm comes into view.
The endoplasm quivers.
Casting: Foxfire (safe; 9% risk of failure)
Confirm with . or Enter, or press ? or * to list all spells.
You conjure some foxfire!
The endoplasm hits you.
Your foxfire dissipates!
The foxfire hits the endoplasm but does no damage.
Casting: Foxfire (safe; 9% risk of failure)
Confirm with . or Enter, or press ? or * to list all spells.
You conjure some foxfire!
The endoplasm freezes you.
You are frozen.
Ouch! That really hurt!
Casting: Foxfire (safe; 9% risk of failure)
Confirm with . or Enter, or press ? or * to list all spells.
You miscast Foxfire.
You are very lightly contaminated with residual magic.
Nothing appears to happen.
The foxfire hits the endoplasm.
The endoplasm is severely wounded.
The foxfire hits the endoplasm but does no damage.
The endoplasm is severely wounded.
The endoplasm misses you.
Unknown command.
Casting: Foxfire (safe; 9% risk of failure)
Confirm with . or Enter, or press ? or * to list all spells.
You conjure some foxfire!
The endoplasm freezes you.
You are frozen.
You die...

#.##.# .. #.##.# #.#
#.##.# #.# #.##.#
#######.# #.##.#
....#.#.# #.##.#
...#..# ##.##.#
#####..#.###...#J###
.....#..#....#..@v.#
......#..###...#v#.#
..<....#.........#.#
......#...###.####.#
.....#..#.# #.# #.#
#####.....# #.# #.#
...##### #.# #.#
##.## #.# #.# #.
#.####.#


You could see an endoplasm (ally target).

Vanquished Creatures
  A quokka (D:1)
1 creature vanquished.

Vanquished Creatures (others)
  9 foxfires (D:1)
9 creatures vanquished.

Grand Total: 10 creatures vanquished

Notes
Turn   | Place    | Note
-------+----------+-------------------------------------------
     0 | D:1      | Descartes the Deep Elf Wanderer began the quest for the
                  | Orb.
     0 | D:1      | Descartes set off with the following items: a +0 dagger, 12
                  | poisoned darts, a scroll of silence, a +0 robe; and the
                  | following spells available to memorise: Slow, Foxfire,
                  | Inner Flame, Conjure Flame, Fulminant Prism.
     0 | D:1      | Reached XP level 1. HP: 10/10 MP: 7/7
     2 | D:1      | Learned a level 1 spell: Foxfire
   264 | D:1      | Frozen to death by an endoplasm

Illustrated notes

Levels and vault maps discovered:
D:1:      scummos_arrival_hexagon, layout_loops_ring,
          chequers_ecumenical_altar_simple_redux

Action                   || total
-------------------------++-------
 Cast: Foxfire           ||     6
Armor: Robe              ||     1
Dodge: Dodged            ||     6
